 Dungeon Crawl Stone Soup version 0.29-a0-284-gf9362112df (webtiles) character file.

Game seed: 12949514529441238634

3 Noranon the Skirmisher (level 1, -2/18 HPs)
             Began as a Demigod Fighter on Apr 1, 2022.
             Slain by a gnoll
             ... wielding a +0 whip
              (4 damage)
             ... on level 1 of the Dungeon.
             The game lasted 00:01:04 (75 turns).

Noranon the Skirmisher (Demigod Fighter)              Turns: 75, Time: 00:01:05

Health: -2/18      AC:  6    Str: 17    XL:     1   Next: 33%
Magic:  3/3        EV: 12    Int: 10    God:
Gold:   0          SH:  4    Dex: 13    Spells: 0/0 levels left

rFire   . . .      SeeInvis .     - Unarmed
rCold   . . .      Faith    .   b - +0 buckler
rNeg    . . .      Spirit   .   a - +0 scale mail
rPois   .          Reflect  .   (no helmet)
rElec   .          Harm     .   (no cloak)
rCorr   .          Rampage  .   (no gloves)
Will    .....                   (no boots)
Stlth   ..........              (no amulet)
HPRegen 0.06/turn               d - +4 ring of evasion
MPRegen 0.08/turn               (no ring)

@: no status effects
A: high MP 1, forlorn, divine attributes
a: no special abilities


You were on level 1 of the Dungeon.
You visited 1 branch of the dungeon, and saw 1 of its levels.

Inventory:

Armour
 a - a +0 scale mail (worn)
 b - a +0 buckler (worn)
Jewellery
 d - a +4 ring of evasion (left hand)
Scrolls
 e - a scroll of acquirement {unknown}
Potions
 c - a potion of might


   Skills:
 + Level 2.7 Fighting
 + Level 2.7 Armour
 + Level 2.7 Shields
 + Level 1.8 Unarmed Combat


You couldn't memorise any spells.
You didn't know any spells.
Your spell library was empty.

Dungeon Overview and Level Annotations

Branches:
Dungeon (1/15)


Innate Abilities, Weirdness & Mutations

You have an increased reservoir of magic. (+10% MP)
You shall have no god before yourself.
Your divine heritage dramatically boosts your attributes as you level up.


Message History

There are monsters nearby!
There are monsters nearby!
There are monsters nearby!
There are monsters nearby!
The hobgoblin closely misses you.
You hit the hobgoblin but do no damage. You block the hobgoblin's attack.
You closely miss the hobgoblin. The gnoll barely misses you.
The hobgoblin closely misses you.
You hit the hobgoblin.
The hobgoblin is moderately wounded.
The gnoll barely misses you. The hobgoblin barely misses you.
You hit the hobgoblin.
The hobgoblin is almost dead.
The gnoll hits you with a +0 whip.
The hobgoblin hits you but does no damage.
You hit the hobgoblin but do no damage.
The hobgoblin is almost dead.
The gnoll hits you with a +0 whip.
The hobgoblin hits you but does no damage.
You hit the hobgoblin.
You kill the hobgoblin!
The gnoll closely misses you. You block the gnoll's attack.
The gnoll attacks as you move away! The gnoll closely misses you.
The gnoll hits you but does no damage. The gnoll hits you with a +0 whip.
The gnoll hits you with a +0 whip. The gnoll closely misses you.
The gnoll barely misses you. The gnoll barely misses you.
The gnoll barely misses you. You block the gnoll's attack.
The gnoll closely misses you. You block the gnoll's attack.
You block the gnoll's attack. The gnoll closely misses you.
The gnoll hits you with a +0 whip.
* * * LOW HITPOINT WARNING * * *
The gnoll hits you with a +0 whip.
You die...

#### ....... ###.......
..#....... ###.#.......
#####...........
#...#...#.......
#.#....g....$...
#####.....#@.#.####
#........#.#........
######.......#...#.......
.....#..#######.#######..
.###.#..# ##.......##
.###....###.........##
.#......##...........##
.#.#.#..#....)....(...#
.......##........[....#


You could see a gnoll.

Vanquished Creatures
  A bat (D:1)
  A hobgoblin (D:1)
  A rat (D:1)
3 creatures vanquished.

Notes
Turn   | Place    | Note
-------+----------+-------------------------------------------
     0 | D:1      | Noranon the Demigod Fighter began the quest for the Orb.
     0 | D:1      | Reached XP level 1. HP: 18/18 MP: 3/3
    75 | D:1      | Slain by a gnoll

Illustrated notes

Levels and vault maps discovered:
D:1:      psy_arrival_dodecagon, layout_loops_cross,
          dilly_ecumenical_altar_fadedgnrine

Action                   || total
-------------------------++-------
Melee: Unarmed           ||    14
Armor: Scale mail        ||     8
Dodge: Dodged            ||    19
Block: Buckler           ||     5

Table legend: (Time is in decaauts)
 A = Elapsed time spent in this place.
 B = Non-inter-level travel time spent in this place.
 C = Inter-level travel time spent in this place.
 D = Time resting spent in this place.
 E = Time spent auto-exploring this place.
 F = Levels seen in this place.
 G = Mean time per level.
                   A        B        C        D        E       F      G
               +--------+--------+--------+--------+--------+-----+--------+
         Total |     74 |     67 |      7 |      0 |     25 |   1 |   74.0 |
       Dungeon |     74 |     67 |      7 |      0 |     25 |   1 |   74.0 |
               +--------+--------+--------+--------+--------+-----+--------+

Top non-repeatable levels by time:
     D:1: 74 daAuts
